 Dungeon Crawl Stone Soup version 0.31.0-12-g77e489cdc1 (webtiles) character file.

Game seed: 7899965025132801231

21630 hawla the Tortoise (level 12, -12/94 (96) HPs)
             Began as a Minotaur Fighter on Feb 27, 2024.
             Was a Follower of Yredelemnul.
             Killed from afar by an ironbound thunderhulk (44 damage)
             ... with a bolt of lightning
             ... summoned by a worldbinder
             ... on level 2 of the Abyss on Mar 1, 2024.
             The game lasted 00:32:06 (11079 turns).

hawla the Tortoise (Minotaur Fighter)              Turns: 11079, Time: 00:32:08

HP:   -12/94 (96)   AC: 26    Str: 21    XL:     12   Next: 55%
MP:   12/12         EV: 14    Int: 11    God:    Yredelemnul [*.....]
Gold: 2093          SH: 13    Dex: 15    Spells: 11/11 levels left

rFire   . . .        a - +2 long sword
rCold   . . .        c - +3 buckler
rNeg    . . .        C - +0 plate armour
rPois   .            (helmet restricted)
rElec   .            (no cloak)
rCorr   .            k - +2 pair of gloves
SInv    .            h - +3 pair of boots "Herhasy" {Int+6}
Will    .....        q - amulet of reflection Stlth
                     e - +5 ring of evasion
HPRegen 0.35/turn    s - ring of flight
MPRegen 0.13/turn

%: reflection
@: brilliant, marked, flying, lightly drained
A: horns 2, retaliatory headbutt
a: Renounce Religion, Recall Undead Harvest


You were on level 2 of the Abyss.
You worshipped Yredelemnul.
Yredelemnul was noncommittal.
You visited 2 branches of the dungeon, and saw 13 of its levels.
You visited the Abyss 1 time.

You collected 2093 gold pieces.

Inventory:

Hand Weapons
 a - a +2 long sword (weapon)
 b - a +3 scimitar of flaming
 B - the +9 sling of the Supporting Rat {drain, rElec rN++ Dex+4}
   (You found it on level 6 of the Dungeon)

   Dex+4:     It affects your dexterity (+4).
   rElec:     It insulates you from electricity.
   rN++:      It greatly protects you from negative energy.
Missiles
 f - 3 atropa-tipped darts
 j - a throwing net
 u - 9 curare-tipped darts
 y - 7 poisoned darts (quivered)
 E - 7 darts of dispersal
Armour
 c - a +3 buckler (worn)
 h - the +3 pair of boots "Herhasy" (worn) {Int+6}
   (You found it on level 7 of the Dungeon)

   Int+6:     It affects your intelligence (+6).
 k - a +2 pair of gloves (worn)
 C - a +0 plate armour (worn)
Jewellery
 e - a +5 ring of evasion (left hand)
 q - an amulet of reflection (around neck)
 r - a +5 ring of evasion
 s - a ring of flight (right hand)
 x - a +6 ring of intelligence
 F - a ring of willpower
Wands
 v - a wand of digging (5)
Scrolls
 t - 2 scrolls of poison
 w - a scroll of revelation
Potions
 d - 3 potions of might
 i - 5 potions of heal wounds
 m - 5 potions of enlightenment
 n - 5 potions of curing
 p - 2 potions of mutation
 D - a potion of attraction {unknown}
 H - a potion of ambrosia {unknown}
 K - a potion of cancellation {unknown}


   Skills:
 - Level 6.0 Fighting
 - Level 14.0 Long Blades
 - Level 6.0 Throwing
 - Level 18.0 Armour
 + Level 4.3 Dodging
 - Level 5.0 Shields
 + Level 2.5 Invocations


You had 11 spell levels left.
You didn't know any spells.
Your spell library was empty.

Dungeon Overview and Level Annotations

Branches:
Dungeon (12/15)            Temple (1/1) D:4            Lair (0/5) D:11
    Orc (0/2) D:10

Altars:
Ashenzari
Cheibriados
Dithmenos
Elyvilon
Fedhas
Gozag
Hepliaklqana
Kikubaaqudgha
Makhleb
Nemelex Xobeh
Okawaru
Qazlal
Ru
Sif Muna
Trog
Uskayaw
Vehumet
Wu Jian
Xom
Yredelemnul
Zin
The Shining One
Lugonu

Shops:
D:2 [   D:3 [   D:6 (   D:9 :


Innate Abilities, Weirdness & Mutations

You have a pair of horns on your head.
You reflexively headbutt those who attack you in melee.


Message History

Your raiju zombie bites the raiju!
You slash the raiju!
The raiju is almost dead.
The worldbinder hits you but does no damage.
The worldbinder barely misses you.
Electricity crackles from the ironbound thunderhulk's apparatus.
The bolt of lightning hits you!!
The laughing skull headbutts you but does no damage.
You slash the raiju!
You kill the raiju!
The dead are walking!
You block the raiju's attack.
The vault sentinel gestures at you while chanting.
The mark upon you grows brighter. The worldbinder closely misses you.
You furiously retaliate!
You headbutt the worldbinder! You block the worldbinder's attack.
Your raiju zombie closely misses the thrashing horror.
The laughing skull headbutts you but does no damage.
Okay, then.
You hit the raiju.
The raiju is moderately wounded.
The thrashing horror barely misses you. The thrashing horror misses you.
The laughing skull headbutts your raiju zombie!
The worldbinder hits you but does no damage.
You block the worldbinder's attack.
The laughing skull headbutts you but does no damage.
You block the vault sentinel's attack. The raiju bites you but does no damage.
You barely miss the raiju. You headbutt the raiju!
The raiju is heavily wounded.
The laughing skull headbutts your raiju zombie!
You block the worldbinder's attack.
The worldbinder hits you but does no damage.
Your raiju zombie closely misses the thrashing horror.
Your raiju zombie bites the vault sentinel.
The thrashing horror barely misses you.
You block the thrashing horror's attack.
The laughing skull headbutts you but does no damage.
Electricity crackles from the ironbound thunderhulk's apparatus.
The bolt of lightning hits you!!!
You die...
Your body rises from the dead as a mindless zombie.

#. . # . #
#. . #
..#.## .
#.### # .§
#..#.###
#.#.#..##
#.ZpXZ.#####
##x@hz...# #
#z#z#z..## #
#.3#u.#.# .
..O ##§## .
..#.. .# #
...#.x. .#
.#..#.. #
#.#.#.


You could see a cyan very ugly thing (summoned), an ironbound thunderhulk
(summoned), a sun demon, an ancient zyme, a vault sentinel (summoned, catching
breath), a thrashing horror (ally target), a worldbinder, a raiju, 4 laughing
skulls and 2 friendly raiju zombies.

Vanquished Creatures
  A starcursed mass (Abyss:2)
  Erica (D:10)
  3 two-headed ogres
  3 occultists (D:12)
  Sonja (D:10)
  Nergalle (D:10)
  5 arcanists (D:12)
  A cyclops (D:12)
  A gargoyle (D:12)
  A centaur skeleton (D:9)
  2 kobold demonologists (D:11)
  Psyche (D:8)
  A hellwing (D:9)
  A harpy zombie (Abyss:2)
  4 trolls
  A hornet (D:10)
  6 raiju (Abyss:2)
  3 wraiths
  7 yaks (D:9)
  2 vampire mosquitoes (D:8)
  4 steam dragons
  Menkaure (D:7)
  2 acid dragons (D:11)
  Duvessa (D:7)
  A water moccasin (D:9)
  2 ice beasts
  8 orc warriors
  2 sky beasts
  4 wolves (D:11)
  A centaur (D:7)
  3 phantoms
  4 kobold brigands
  2 gnoll sergeants (D:10)
  2 bullfrogs
  2 scorpions
  3 small abominations (Abyss:2)
  6 wights
  Dowan (D:7)
  10 killer bees
  5 howler monkeys
  2 bombardier beetles
  A quasit (Abyss:2)
  A gnoll bouda (D:9)
  6 orc priests
  4 hounds
  4 iguanas
  4 sleepcaps
  10 orc wizards
  13 gnolls
  4 adders
  3 shadow imps
  A white imp (D:5)
  A ribbon worm (D:4)
  63 orcs
  4 bats
  8 endoplasms
  7 giant cockroaches
  8 hobgoblins
  2 jackals (D:3)
  6 quokkas
  7 ball pythons
  4 frilled lizards
  15 goblins
  12 kobolds
  An orc zombie (D:4)
  3 rats (D:1)
304 creatures vanquished.

Vanquished Creatures (collateral kills)
  2 centaur zombies (D:9)
  A centaur skeleton (D:9)
  A rime drake (D:11)
  A kobold demonologist (D:11)
  A wraith (D:9)
  A wyvern (D:9)
  An orc warrior (D:10)
  An ice beast (D:11)
  A kobold brigand (D:11)
  A killer bee (D:8)
  3 gnolls
  A shadow imp (D:9)
  2 orcs
  A kobold (D:11)
18 creatures vanquished.

Vanquished Creatures (others)
  2 human zombies (D:12)
  A wyvern zombie (D:9)
  2 raiju zombies (Abyss:2)
  2 yak zombies (D:9)
  2 wolf zombies (D:11)
  A bullfrog zombie (D:9)
  A kobold zombie (D:11)
  3 killer bee zombies
  An ice beast zombie (D:7)
  2 hound zombies (D:7)
  A spectral quasit (Abyss:2)
  An elf zombie (D:7)
  A howler monkey zombie (D:7)
  2 spectral shadow imps (D:9)
  6 gnoll zombies
  18 orc zombies
46 creatures vanquished.

Grand Total: 368 creatures vanquished

Notes
Turn   | Place    | Note
-------+----------+-------------------------------------------
     0 | D:1      | hawla the Minotaur Fighter began the quest for the Orb.
     0 | D:1      | Reached XP level 1. HP: 19/19 MP: 0/0
    87 | D:1      | Reached skill level 1 in Dodging
   118 | D:1      | Reached XP level 2. HP: 26/26 MP: 1/1
   721 | D:2      | Reached XP level 3. HP: 30/31 MP: 2/2
  1034 | D:2      | Reached XP level 4. HP: 29/39 MP: 3/3
  1183 | D:2      | Identified the ring of Broken Luck {Ice rN+ MP+9 Str-4}
  1199 | D:2      | Found Jeiti's Antique Armour Shop.
  1525 | D:3      | Reached skill level 5 in Shields
  1780 | D:3      | Found Kyc Kaw's Antique Armour Emporium.
  1970 | D:3      | Reached XP level 5. HP: 38/45 MP: 4/4
  2342 | D:4      | Found a staircase to the Ecumenical Temple.
  2348 | Temple   | Entered the Ecumenical Temple
  2362 | Temple   | Became a worshipper of Yredelemnul the Dark
  2449 | D:4      | Reached skill level 5 in Long Blades
  2481 | D:4      | Reached * piety under Yredelemnul
  2482 | D:4      | Reached XP level 6. HP: 51/51 MP: 5/5
  2701 | D:4      | Reached ** piety under Yredelemnul
  2961 | D:5      | Entered Level 5 of the Dungeon
  3113 | D:5      | HP: 2/51 [orc/+0 mace (2)]
  3439 | D:5      | Reached XP level 7. HP: 57/57 MP: 6/6
  3859 | D:6      | Identified the +9 sling of the Supporting Rat {drain, rElec
                  | rN++ Dex+4}
  3883 | D:6      | Reached skill level 10 in Long Blades
  3948 | D:6      | Found Kahoelyl's Antique Weapon Emporium.
  4027 | D:6      | Reached XP level 8. HP: 64/64 MP: 7/7
  4668 | D:7      | Noticed Duvessa
  4726 | D:7      | Noticed Dowan
  4736 | D:7      | Killed Duvessa
  4750 | D:7      | Your ally Duvessa died
  4771 | D:7      | Killed Dowan
  4858 | D:7      | Reached XP level 9. HP: 62/70 MP: 8/8
  5018 | D:7      | Identified the +3 pair of boots "Herhasy" {Int+6}
  5181 | D:7      | Noticed Menkaure
  5189 | D:7      | Killed Menkaure
  5216 | D:7      | Reached skill level 4 in Armour
  5286 | D:7      | Reached skill level 5 in Armour
  5694 | D:8      | Reached skill level 6 in Armour
  5776 | D:8      | Noticed Psyche
  5789 | D:8      | Killed Psyche
  5790 | D:8      | Reached skill level 7 in Armour
  5833 | D:8      | Reached skill level 8 in Armour
  5942 | D:8      | Noticed a manticore
  5982 | D:8      | Reached skill level 9 in Armour
  6254 | D:8      | Reached XP level 10. HP: 77/77 MP: 9/9
  6386 | D:8      | Reached *** piety under Yredelemnul
  6437 | D:8      | Reached skill level 10 in Armour
  6592 | D:8      | Found an opulent altar of Gozag.
  6818 | D:9      | Found a hazy altar of Hepliaklqana.
  6844 | D:9      | Reached skill level 11 in Armour
  6947 | D:9      | Reached skill level 12 in Armour
  7108 | D:9      | Reached skill level 13 in Armour
  7222 | D:9      | Found Paufraiv's Book Emporium.
  7287 | D:9      | Noticed a two-headed ogre
  7299 | D:9      | Killed a two-headed ogre
  7300 | D:9      | Reached skill level 14 in Armour
  7300 | D:9      | Reached XP level 11. HP: 35/82 MP: 10/10
  7607 | D:10     | Entered Level 10 of the Dungeon
  7607 | D:10     | Noticed Sonja
  7624 | D:10     | Killed Sonja
  7846 | D:10     | You fall into a shaft and drop 2 floors!
  7912 | D:12     | Reached skill level 15 in Armour
  8290 | D:11     | Found a staircase to the Lair.
  8389 | D:11     | Noticed a two-headed ogre
  8396 | D:11     | Killed a two-headed ogre
  8397 | D:11     | Reached skill level 16 in Armour
  8402 | D:10     | Noticed Nergalle
  8425 | D:10     | Killed Nergalle
  8561 | D:10     | Noticed Erica
  8578 | D:10     | Killed Erica
  8898 | D:10     | Found a staircase to the Orcish Mines.
  8925 | D:10     | Your ally Nergalle died
  8927 | D:10     | Reached skill level 17 in Armour
  9672 | D:11     | Identified a scroll of acquirement
  9673 | D:11     | Acquired 1232 gold pieces
 10044 | D:11     | Found a corrupted altar of Lugonu.
 10080 | D:11     | Noticed a soul eater
 10262 | D:11     | Reached skill level 18 in Armour
 10266 | D:11     | Noticed a soul eater
 10274 | D:11     | Reached XP level 12. HP: 82/91 MP: 11/11
 10336 | D:11     | Noticed a two-headed ogre
 10351 | D:11     | Killed a two-headed ogre
 10352 | D:11     | Reached skill level 5 in Fighting
 10658 | D:12     | Reached skill level 1 in Throwing
 10714 | D:12     | Reached **** piety under Yredelemnul
 10715 | D:12     | Reached skill level 5 in Throwing
 10716 | D:12     | Reached ***** piety under Yredelemnul
 10742 | Abyss:2  | Cast into level 2 of the Abyss (an occultist)
 10852 | Abyss:2  | Noticed a naga warrior
 10852 | Abyss:2  | Noticed a naga warrior
 10862 | Abyss:2  | Noticed a naga warrior
 10874 | Abyss:2  | Noticed a naga warrior
 10923 | Abyss:2  | Reached skill level 1 in Invocations
 10959 | Abyss:2  | Noticed a starcursed mass
 10992 | Abyss:2  | Killed a starcursed mass
 11074 | Abyss:2  | Noticed a cyan very ugly thing
 11075 | Abyss:2  | Noticed an ironbound thunderhulk
 11079 | Abyss:2  | Killed from afar by an ironbound thunderhulk

Illustrated notes

Levels and vault maps discovered:
D:1:      dpeg_arrival_short_road, layout_loops_ring
D:2:      layout_basic, serial_shops, shop, chequers_serial_rivers_marsh
D:3:      minmay_octagon_keep, layout_rooms, serial_shops,
          nicolae_shop_rolling_square
D:4:      kennysheep_the_goblin_king, layout_basic, minmay_temple_entry_ruins
D:5:      layout_rooms, minmay_misc_feat_five, corexii_item_surrounded_by_moat,
          grunt_ministairs_15
D:6:      layout_loops_ring, serial_shops, shop
D:7:      layout_rooms, nicolae_nh_ransacked_shop, uniq_menkaure, uniq_duvessa
D:8:      minmay_chambers_of_sixes, layout_loops_ring,
          nicolae_gozag_seed_capital, serial_bayou_pond_d, uniq_psyche
D:9:      cheibrodos_grave_circle, layout_rooms, nzn_hepliaklqana_mist_gate,
          serial_shops, nicolae_shop_tiny_statue_garden, lightli_orcish_oven
D:10:     layout_roguey, kennysheep_orc_monster_closet_entryway, uniq_erica,
          uniq_nergalle, uniq_sonja
D:11:     layout_basic, hellmonk_lair_entry_icy, marbit_kobold_abyssish
D:12:     minmay_smoke_and_mirrors, layout_basic
Temple:   nicolae_temple_bog_church
Abyss:2:  base:
D:7

Skill      XL: |  1  2  3  4  5  6  7  8  9 10 11 12 |
---------------+-------------------------------------+-----
Dodging        | 1 2 3 4 |  4.3
Shields        | 4 5 |  5.0
Long Blades    | 3 5 7 10 13 14 | 14.0
Armour         | 9 14 18 | 18.0
Fighting       | 4 6 |  6.0
Throwing       | 6 |  6.0
Invocations    | 2 |  2.5

Action                     |  1- 3 |  4- 6 |  7- 9 | 10-12 || total
---------------------------+-------+-------+-------+-------++-------
  Melee: Long sword        |    89 |   186 |   380 |   645 ||  1300
         Headbutt          |    10 |    30 |    58 |   160 ||   258
  Throw: Throwing net      |       |       |     3 |     1 ||     4
         Dart              |       |       |       |    10 ||    10
 Invoke: Recall Undead Har |       |       |     1 |     4 ||     5
  Evoke: Wand              |       |       |     2 |    10 ||    12
    Use: Scroll            |     2 |     6 |     3 |    21 ||    32
         Potion            |       |     3 |     2 |     2 ||     7
   Stab: Distracted        |       |       |       |     4 ||     4
 Armour: Scale mail        |    47 |   121 |    15 |       ||   183
         Skin              |       |     9 |    41 |       ||    50
         Chain mail        |       |       |    91 |       ||    91
         Plate armour      |       |       |    33 |   358 ||   391
  Dodge: Dodged            |    42 |    70 |   120 |   301 ||   533
  Block: Buckler           |    22 |    44 |   177 |   297 ||   540
         Reflection        |       |       |     2 |     6 ||     8
